 Dungeon Crawl Stone Soup version 0.28-a0-662-g1651b1f1e0 (webtiles) character file.

Game seed: 8320770957122676097

574 Irenicus the Geomancer (level 7, 0/82 HPs)
             Began as a Deep Dwarf Earth Elementalist on Oct 14, 2021.
             Slain by an ogre (15 damage)
             ... on level 5 of the Dungeon.
             The game lasted 00:10:48 (1659 turns).

Irenicus the Geomancer (DDEE)                       Turns: 1659, Time: 00:10:48

Health: 0/82       AC: 23    Str: 12    XL:     7   Next: 12%
Magic:  1/9        EV:  2    Int: 17    God:
Gold:   158        SH:  0    Dex: 13    Spells: 3/9 levels left

rFire   . . .      SeeInvis .   d - +1 dagger
rCold   . . .      Faith    .   (no shield)
rNeg    . . .      Spirit   .   (armour currently unavailable)
rPois   +          Reflect  .   (helmet currently unavailable)
rElec   .          Harm     .   (cloak currently unavailable)
rCorr   .          Rampage  .   (gloves currently unavailable)
Will    +....      NoTele   +   (boots currently unavailable)
Stlth   ++........              (no amulet)
HPRegen 0.00/turn               (no ring)
MPRegen 0.11/turn               (no ring)

@: tree-form
A: stationary, stasis, torment immunity, boosted hp, damage resistance, heal
wounds, sense surroundings 1, no regeneration, mutation resistance 1
a: Heal Wounds


You were on level 5 of the Dungeon.
You were a tree.
You visited 1 branch of the dungeon, and saw 5 of its levels.

You collected 158 gold pieces.


Innate Abilities, Weirdness & Mutations

You are a tree.
Your roots penetrate the ground, keeping you stationary.
You cannot be teleported.
You are immune to unholy pain and torment.
Your maximum health is greatly increased.
Your equipment is partially melded.
You are resistant to damage.
You can heal yourself by infusing magical energy.
You passively map a small area around you.
You do not regenerate.
You are somewhat resistant to further mutation.


   Skills:
 - Level 2.1 Dodging
 - Level 2.4 Stealth
 - Level 1.7 Spellcasting
 - Level 0.8 Transmutations
 + Level 10.7 Earth Magic


You had 3 spell levels left.
You knew the following spells:

 Your Spells              Type           Power      Damage    Failure   Level
t - Stone Arrow           Conj/Erth      38%        3d9       6%          3
w - Passwall              Tmut/Erth      17%        N/A       2%          2
z - Sandblast             Erth           76%        2d16      1%          1

Your spell library contained the following spells:

 Spells                   Type           Power      Damage    Failure   Level
 Petrify                  Tmut/Erth      21%        N/A       19%         4

Inventory:

Hand Weapons
 a - a +0 club
 d - a +1 dagger (weapon)
Armour
 b - a +1 robe (melded)
 c - a +0 pair of gloves (melded)
Scrolls
 h - 2 scrolls of enchant weapon
 l - a scroll of teleportation {@r2}

Dungeon Overview and Level Annotations

Branches:
Dungeon (5/15)
 Temple: D:4-7

Altars:
Kikubaaqudgha
Okawaru
Vehumet
Zin

### * * #####.#
##.....########## .
#......#O.......##...
#...[Z#)Z............
#.....#h....#<.....$$
####.Z##..<.#....O...
#O####'####..####.
#.♣##...# *h.#
#...+.....,...
#####..........
#..####..[##
#..#***..<# .... ,,,
. , ...., , ,


You could see an ogre.


Message History

The ogre hits you with a +0 giant spiked club.
You barely miss the ogre.
The ogre is lightly wounded.
The ogre hits you with a +0 giant spiked club.
* * * LOW HITPOINT WARNING * * *
You barely miss the ogre.
The ogre is lightly wounded.
You hit the ogre.
The ogre is moderately wounded.
The ogre hits you with a +0 giant spiked club.
* * * LOW HITPOINT WARNING * * *
You barely miss the ogre.
The ogre is moderately wounded.
The ogre hits you but does no damage.
You completely miss the ogre.
The ogre is moderately wounded.
The ogre hits you but does no damage.
You hit the ogre.
The ogre is moderately wounded.
You hit the ogre.
The ogre is heavily wounded.
The ogre hits you but does no damage.
You hit the ogre but do no damage.
The ogre is heavily wounded.
The ogre hits you with a +0 giant spiked club!
* * * LOW HITPOINT WARNING * * *
You hit the ogre but do no damage.
The ogre is heavily wounded.
The ogre hits you with a +0 giant spiked club!!
You die...

Skill      XL: |  1  2  3  4  5  6 |
---------------+-------------------+-----
Earth Magic    | 5 7 9 10 | 10.7
Dodging        | |  2.1
Stealth        | |  2.4
Spellcasting   | |  1.7
Transmutations | |  0.8

Action                   |  1- 3 |  4- 6 |  7- 9 || total
-------------------------+-------+-------+-------++-------
Melee: Dagger            |    19 |   139 |    18 ||   176
 Cast: Sandblast         |    21 |    17 |       ||    38
       Passwall          |     4 |     5 |       ||     9
       Stone Arrow       |       |     7 |     1 ||     8
 Abil: Heal Wounds       |       |     4 |     1 ||     5
  Use: Scroll            |     5 |     1 |       ||     6
       Potion            |     1 |     7 |       ||     8
 Stab: Sleeping          |     3 |     3 |       ||     6
Armor: Robe              |     9 |    32 |       ||    41
       Skin              |       |    52 |     9 ||    61
Dodge: Dodged            |    19 |    89 |     3 ||   111

Levels and vault maps discovered:
D:1:      minmay_arrival_wavy_path, layout_basic,
          hellmonk_ecumenical_altar_slurped_away, serial_curves, eino_curves_02,
          eino_curves_02, minmay_hexomino_f4
D:2:      minmay_angry_zag, layout_basic, minmay_strange_pillars
D:3:      layout_basic, minmay_statues_item, minmay_misc_feat_doors,
          minmay_misc_feat_secret_circle
D:4:      layout_gridville, chequers_temple_overflow_statue_of_worship
D:5:      layout_gridville, lemuel_round_altar,
          yredelemnul_forgotten_temple_becter

Notes
Turn   | Place    | Note
-------+----------+-------------------------------------------
     0 | D:1      | Irenicus the Deep Dwarf Earth Elementalist began the quest
                  | for the Orb.
     0 | D:1      | Reached XP level 1. HP: 15/15 MP: 3/3
   207 | D:1      | Found a faded altar of an unknown god.
   367 | D:1      | Reached XP level 2. HP: 22/22 MP: 1/4
   391 | D:1      | Reached skill level 5 in Earth Magic
   416 | D:1      | Learned a level 2 spell: Passwall
   679 | D:2      | Reached XP level 3. HP: 20/28 MP: 2/5
   710 | D:2      | Identified a potion of resistance
   729 | D:2      | Noticed an ogre
   735 | D:2      | Killed an ogre
   736 | D:2      | Reached skill level 7 in Earth Magic
   736 | D:2      | Reached XP level 4. HP: 26/36 MP: 2/6
   910 | D:2      | Reached XP level 5. HP: 30/42 MP: 5/7
  1256 | D:3      | Reached skill level 8 in Earth Magic
  1302 | D:3      | Learned a level 3 spell: Stone Arrow
  1491 | D:4      | Found an iron altar of Okawaru.
  1491 | D:4      | Found a radiant altar of Vehumet.
  1491 | D:4      | Found a glowing silver altar of Zin.
  1491 | D:4      | Found an ancient bone altar of Kikubaaqudgha.
  1553 | D:5      | Entered Level 5 of the Dungeon
  1555 | D:5      | Noticed an ogre
  1558 | D:5      | Noticed a black bear
  1563 | D:5      | Noticed a centaur
  1578 | D:5      | Gained mutation: You are somewhat resistant to further
                  | mutation. [potion of mutation]
  1582 | D:5      | Noticed an ogre
  1600 | D:5      | Reached skill level 9 in Earth Magic
  1600 | D:5      | Reached XP level 6. HP: 45/49 MP: 4/8
  1613 | D:5      | Reached skill level 10 in Earth Magic
  1639 | D:5      | Reached XP level 7. HP: 10/55 MP: 2/9
  1659 | D:5      | Slain by an ogre

Vanquished Creatures
  A black bear (D:5)
  2 ogres
  A centaur (D:5)
  A howler monkey (D:5)
  A hound (D:5)
  A jelly (D:5)
  A bullfrog skeleton (D:3)
  An orc wizard (D:3)
  An adder (D:2)
  A dart slug (D:1)
  2 orcs (D:3)
  8 ball pythons
  5 bats
  10 endoplasms
  2 giant cockroaches (D:2)
  9 goblins
  3 hobgoblins
  A jackal (D:1)
  2 quokkas
  A frilled lizard (D:2)
  7 kobolds
  3 rats
64 creatures vanquished.

Table legend: (Time is in decaauts)
 A = Elapsed time spent in this place.
 B = Non-inter-level travel time spent in this place.
 C = Inter-level travel time spent in this place.
 D = Time resting spent in this place.
 E = Time spent auto-exploring this place.
 F = Levels seen in this place.
 G = Mean time per level.
                   A        B        C        D        E       F      G
               +--------+--------+--------+--------+--------+-----+--------+
         Total |   1656 |   1628 |     28 |      0 |     39 |   5 |  331.2 |
       Dungeon |   1656 |   1628 |     28 |      0 |     39 |   5 |  331.2 |
               +--------+--------+--------+--------+--------+-----+--------+

Top non-repeatable levels by time:
     D:1: 557 daAuts
     D:3: 488 daAuts
     D:2: 432 daAuts
     D:5: 105 daAuts
     D:4: 72 daAuts

Table legend:
 A = Non-vault XP
 B = Vault XP
 C = Vault XP percentage of total XP
 D = Non-vault monster count
 E = Vault monster count
 F = Vault count percentage of total count
                 A         B        C        D         E       F
            +---------+---------+-------+---------+---------+-------
      Total |     804 |      17 |   2.1 |      56 |       8 |  12.5
            +---------+---------+-------+---------+---------+-------
        D:1 |      20 |      11 |  35.5 |      12 |       5 |  29.4
        D:2 |     174 |       6 |   3.3 |      20 |       3 |  13.0
        D:3 |     101 |       0 |   0.0 |      14 |       0 |   0.0
        D:4 |       5 |       0 |   0.0 |       3 |       0 |   0.0
        D:5 |     504 |       0 |   0.0 |       7 |       0 |   0.0
            +---------+---------+-------+---------+---------+-------
